 Dungeon Crawl Stone Soup version 0.31.0-11-ge490571c62 (webtiles) character file.

Game seed: 10701968683122039568

43 ProzacElf the Poker (level 3, -5/30 HPs)
             Began as an Armataur Cinder Acolyte on Jan 26, 2024.
             Was a High Priest of Ignis.
             Slain by a gnoll
             ... wielding a +0 flail
              (9 damage)
             ... on level 2 of the Dungeon.
             The game lasted 00:01:40 (775 turns).

ProzacElf the Poker (Armataur Cinder Acolyte)        Turns: 775, Time: 00:01:41

Health: -5/30      AC:  5    Str: 19    XL:     3   Next: 37%
Magic:  4/4        EV:  9    Int: 14    God:    Ignis [*****.]
Gold:   47         SH:  0    Dex:  7    Spells: 4/4 levels left

rFire   + . .        b - +2 dagger (speed)
rCold   . . .        (no shield)
rNeg    . . .        e - +0 leather armour
rPois   .            (no helmet)
rElec   .            i - +0 cloak
rCorr   .            (no gloves)
SInv    .            (no barding)
Will    .....        (no amulet)
Stlth   +            (no ring)
HPRegen 0.25/turn    (no ring)
MPRegen 0.42/turn

%: roll
@: no status effects
A: large, deformed body, tough skin 3, armoured tail, roll 1
a: Renounce Religion, Fiery Armour, Foxfire Swarm, Rising Flame


You were on level 2 of the Dungeon.
You worshipped Ignis.
Ignis was extremely pleased with you.
You visited 1 branch of the dungeon, and saw 2 of its levels.

You collected 47 gold pieces.

Inventory:

Hand Weapons
 a - a -1 spear of flaming
 b - a +2 dagger of speed (weapon)
 f - a +0 hand axe
 j - a +0 spear
Armour
 e - a +0 leather armour (worn)
 g - a +0 robe
 i - a +0 cloak (worn)
Scrolls
 c - a scroll of revelation {unknown}
 d - a scroll of teleportation {unknown}
Potions
 h - 2 potions of enlightenment {unknown}


   Skills:
 - Level 2.6 Fighting
 + Level 3.1 Polearms
 + Level 2.5 Stealth
 - Level 1.0 Spellcasting
 - Level 2.6 Fire Magic


You had 4 spell levels left.
You didn't know any spells.
Your spell library contained the following spells:

 Spells                   Type           Power      Damage    Failure   Level
 Scorch                   Fire           16%        2d5       16%         2


Dungeon Overview and Level Annotations

Branches:
Dungeon (2/15)

Altars:


Innate Abilities, Weirdness & Mutations

Armour fits poorly on your strangely shaped body.
You have extremely tough skin. (AC +3)
You have a long armoured tail.
You regenerate magic when rolling toward enemies. (Rampage MPRegen)


Message History

i - a +0 cloak Ye start puttin' on yer armour.
Ye continue puttin' on yer +0 cloak. x4
Ye finish puttin' on yer +0 cloak.
Done 'splorin'.
What level o' tha Dungeon? (default 1, ? - help) Ye see 'ere a +0 club.
Thar be a stone staircase leadin' down 'ere.
Ye climb downwards.
Found a spear.
Thar be a stone staircase leadin' up 'ere. 2 gnolls come inta view.
Found a garnet rin'.
Tha gnoll shouts! x2
A gnoll comes inta view.
It be wieldin' a +0 club.
Tha gnoll moves outta view.
Found a stone staircase leadin' down.
Ye see 'ere a +0 spear.
j - a +0 spear Ye roll towards tha gnoll!
A quokka comes inta view.
Tha gnoll misses ye.
A ribbon worm comes inta view.
Tha gnoll hits ye from afar wit' a +0 halberd!
Ye take 9 damage, an' haf 21/30 hp.
MASSIVE DAMAGE!!
Tha gnoll shouts!
Tha gnoll hits ye from afar wit' a +0 halberd.
Ye take 6 damage, an' haf 15/30 hp.
Tha gnoll hits ye wit' a +0 halberd.
Tha gnoll hits ye wit' a +0 flail.
* * * LOW HITPOINT WARNIN'
* * * Tha gnoll hits ye but does nay damage.
Ye take 8 damage, an' haf 7/30 hp.
MASSIVE DAMAGE!!
Tha gnoll barely misses ye. x3
Tha gnoll attacks as it pursues ye!
Tha gnoll hits ye wit' a +0 flail.
* * * LOW HITPOINT WARNIN'
* * * Thar be a stone staircase leadin' up 'ere.
Ye take 2 damage, an' haf 5/30 hp.
Tha gnoll hits ye from afar wit' a +0 halberd.
* * * LOW HITPOINT WARNIN'
* * * Tha gnoll hits ye wit' a +0 flail!
Ye die...

... . .. ... >..
## .... ###.#
... ...=.
#@#.###.##
.....##g#.......
#..gg........
#...r...###.
#.......#
#.......#
#.......#
#.......#
..........#


You could see 3 gnolls and a quokka.

Vanquished Creatures
  A gnoll (D:1)
  A dart slug (D:1)
  5 endoplasms (D:1)
  4 goblins (D:1)
  2 hobgoblins (D:1)
  2 kobolds (D:1)
  3 quokkas (D:1)
  A ball python (D:1)
  4 bats (D:1)
  2 frilled lizards (D:1)
  3 rats (D:1)
28 creatures vanquished.

Notes
Turn   | Place    | Note
-------+----------+-------------------------------------------
     0 | D:1      | ProzacElf the Armataur Cinder Acolyte began the quest for
                  | the Orb.
     0 | D:1      | Reached XP level 1. HP: 18/18 MP: 2/2
   105 | D:1      | Reached skill level 1 in Stealth
   131 | D:1      | Reached XP level 2. HP: 22/25 MP: 3/3
   396 | D:1      | Reached skill level 3 in Polearms
   399 | D:1      | Reached XP level 3. HP: 30/30 MP: 4/4
   545 | D:1      | Found a faded altar of an unknown god.
   775 | D:2      | Slain by a gnoll

Illustrated notes

Levels and vault maps discovered:
D:1:      lemuel_arrival_behind_the_door_small, layout_loops_ring,
          ebering_ecumenical_altar_ruins
D:2:      cheibrodos_pilgrimage, layout_basic, chequers_garden, uniq_terence

Skill      XL: |  1  2 |
---------------+-------+-----
Stealth        | 1 2 |  2.5
Polearms       | 3 |  3.1
Fighting       | |  2.6
Spellcasting   | |  1.0
Fire Magic     | |  2.6

Action                     || total
---------------------------++-------
  Melee: Spear             ||    67
         Tailslap          ||     8
         Dagger            ||    17
   Stab: Sleeping          ||     1
 Armour: Robe              ||    11
         Leather armour    ||    38
  Dodge: Dodged            ||    33

Action                     || total
---------------------------++-------
  Melee: Spear             ||    67
         Tailslap          ||     8
         Dagger            ||    17
   Stab: Sleeping          ||     1
 Armour: Robe              ||    11
         Leather armour    ||    38
  Dodge: Dodged            ||    33

Levels and vault maps discovered:
D:1:      lemuel_arrival_behind_the_door_small, layout_loops_ring,
          ebering_ecumenical_altar_ruins
D:2:      cheibrodos_pilgrimage, layout_basic, chequers_garden, uniq_terence
